Map: Ghost River LE

Players

ohmygodism - Winner!

  • Race: Terran Terran
  • League: Platinum
  • Spawn Location: 1:00

GhostsShadow

  • Race: Terran Terran
  • League: Gold
  • Spawn Location: 11:00

VOD

Have the link to the VOD?

Description

Time

  • Played on: April 29, 2024, 2:25 p.m.
  • Length: 8:35
Show
View Real Time Build Order
Export as new Build Order

ohmygodism Terran - Winner!

Build Orders: Gas First Reaper Expand 

Get SALT Encoding   

  12  0:00  SCV  
  13  0:12  SCV  
  14  0:20  Supply Depot  
  14  0:25  SCV  
  15  0:31  Refinery  
  15  0:41  SCV  
  16  0:48  Barracks  
  16  0:53  SCV  
  17  1:05  SCV  
  18  1:37  Reaper  
  19  1:44  Command Center  
  19  2:15  Factory  
  19  2:18  Barracks Tech Lab  
  19  2:22  Barracks  
  19  2:41  Refinery  
  19  3:10  SCV  
  20  3:16  Starport  
  20  3:23  SCV  
  21  3:37  SCV  
  21  3:39  Stimpack  
  21  3:40  Barracks Reactor  
  21  3:42  Barracks  
  21  3:49  Orbital Command, SCV  
  22  4:00  Factory Tech Lab  
  22  4:01  SCV  
  23  4:08  Liberator  
  26  4:11  Marine  
  26  4:16  Marine  
  28  4:18  Marine  
  28  4:21  SCV  
  30  4:33  Siege Tank  
  30  4:38  Marine  
  34  4:39  Marine  
  34  4:40  Marine  
  34  4:43  Marine  
  37  4:50  SCV  
  38  5:24  Combat Shield  
  38  5:30  Supply Depot x2  
  38  5:33  Supply Depot  
  38  5:35  Supply Depot  
  38  5:39  Supply Depot  
  38  5:41  Engineering Bay  
  38  5:51  Starport Reactor, Marine  
  38  5:52  Cyclone, SCV  
  38  5:56  Starport  
  42  6:07  Missile Turret  
  42  6:11  Missile Turret  
  42  6:14  SCV  
  43  6:19  Missile Turret  
  43  6:22  SCV  
  44  6:30  Missile Turret  
  44  6:33  Missile Turret  
  44  6:42  SCV  
  44  6:43  Viking  
  47  6:50  Viking  
  49  6:59  Viking  
  50  7:15  Viking  
  50  7:18  Cyclone  
  54  7:27  Marine x2  
  54  7:28  Marine x2  
  39  8:11  SCV  
  40  8:18  Starport Reactor, Command Center  
  40  8:23  SCV  
Show
View Real Time Build Order
Export as new Build Order

GhostsShadow Terran 

Build Orders:  

Get SALT Encoding   

  12  0:01  SCV  
  13  0:13  SCV  
  14  0:19  Supply Depot  
  14  0:25  SCV  
  15  0:31  Refinery  
  15  0:35  Refinery  
  15  0:48  Barracks  
  15  0:52  SCV  
  16  1:04  SCV  
  17  1:16  SCV  
  17  1:28  SCV  
  17  1:34  Supply Depot  
  17  1:41  SCV  
  17  1:45  Marine  
  19  2:05  SCV  
  20  2:15  Factory  
  20  2:20  Barracks Reactor  
  20  2:24  Barracks  
  21  2:31  Orbital Command  
  17  3:05  SCV  
  18  3:07  Marine x2  
  19  3:14  Marine  
  18  3:31  Marine  
  17  3:37  SCV  
  17  3:38  Starport  
  17  3:40  Marine  
  19  3:48  Barracks Tech Lab  
  19  3:49  SCV  
  20  4:01  SCV  
  21  4:14  SCV  
  22  4:19  Fusion Core  
  22  4:22  Marine x2  
  24  4:25  Factory Tech Lab  
  24  4:26  SCV  
  25  4:46  Barracks Reactor  
  25  4:47  Siege Tank  
  25  4:50  SCV  
  29  5:02  SCV  
  30  5:14  SCV  
  37  5:21  Battlecruiser  
  37  5:23  Supply Depot  
  37  5:28  SCV  
  37  5:36  Marine x2  
  39  5:44  SCV  
  40  5:52  Barracks Tech Lab  
  40  5:54  Siege Tank  
  43  5:57  Supply Depot  
  43  6:00  SCV  
  44  6:12  SCV  
  45  6:18  Marine  
  45  6:19  Marine  
  45  6:20  Supply Depot, Marine  
  48  6:26  Siege Tank  
  51  6:48  Command Center  
  51  6:49  SCV  
  51  6:53  Marine x2  
  54  7:01  SCV  
  35  8:04  SCV  
  35  8:05  Orbital Command  
  27  8:16  SCV  
Tags
 
Add a new tag
Caveats
  • Supply blocks, unpowered buildings, or Contaminate may cause inaccurate times.
  • Supply counts are checked every 10 seconds.